 Dungeon Crawl Stone Soup version 0.19-a0-1834-g6b7851e (webtiles) character file.

13862 hurricos the Slicer (level 12, -7/63 HPs)
             Began as a Vine Stalker Gladiator on Oct 9, 2016.
             Was a Follower of Uskayaw.
             Mangled by an eight-headed hydra (10 damage)
             ... on level 11 of the Dungeon.
             The game lasted 00:16:02 (9941 turns).

hurricos the Slicer (Vine Stalker Gladiator)        Turns: 9941, Time: 00:16:03

Health: -7/63      AC: 10    Str: 18 (21) XL:     12   Next: 10%
Magic:  0/20       EV: 16    Int:  8 (9)  God:    Uskayaw [*.....]
Gold:   871        SH:  0    Dex: 14 (17) Spells: 0 memorised, 11 levels left

rFire  . . .     SeeInvis .     b - +1 dagger (elec)
rCold  + . .     Gourm    .     v - +3 leather armour {rC+}
rNeg   . . .     Faith    .     (no shield)
rPois  .         Spirit   +     c - +1 helmet
rElec  .         Dismiss  .     F - +1 cloak "Doshi" {Str+2}
rCorr  .         Reflect  .     (no gloves)
MR     ++...     Harm     .     (no boots)
Stlth  ++++......               u - amulet of rage
                                t - +3 ring of intelligence
                                r - ring of protection from magic

@: very slightly contaminated
A: fangs 3, repulsion field 1, blurry vision 1, clumsy 1, deterioration 1, dopey
1, regeneration 2, wild magic 1, magic shield, antimagic bite, no device heal 3,
rot immunity
a: Stomp, Renounce Religion, Evoke Berserk Rage


You were on level 11 of the Dungeon.
You worshipped Uskayaw.
Uskayaw was aware of your devotion.
You were not hungry.

You visited 2 branches of the dungeon, and saw 12 of its levels.
You also visited: Sewer.

You collected 871 gold pieces.

Inventory:

Hand Weapons
 a - a +1 vampiric dagger
 b - a +1 dagger of electrocution (weapon)
 E - a +1 rapier
Missiles
 d - 2 throwing nets (quivered)
Armour
 c - a +1 helmet (worn)
 v - a +3 leather armour of cold resistance (worn)
 w - a +2 robe of magic resistance
 F - the +1 cloak "Doshi" (worn) {Str+2}
   (You found it on level 5 of the Dungeon)

   It affects your strength (+2).
Jewellery
 r - a ring of protection from magic (left hand)
 t - a +3 ring of intelligence (right hand)
 u - an amulet of rage (around neck)
Wands
 j - a wand of acid (7/15)
 l - a wand of random effects (33/48)
 y - a wand of slowing (27/48)
 B - a wand of polymorph (2/24)
 D - a wand of digging (17/24)
 M - a wand of enslavement (17/24)
 P - a wand of confusion (10/48)
 X - a wand of teleportation (6/9)
Scrolls
 e - a scroll of enchant weapon
 f - 2 scrolls of fear
 k - a scroll of vulnerability {unknown}
 o - 2 scrolls of enchant armour
 p - 6 scrolls of remove curse
 q - 3 scrolls of noise
 G - 4 scrolls of identify
 I - 4 scrolls of teleportation
 L - 3 scrolls of amnesia
 R - a scroll of silence {unknown}
 T - a scroll of recharging
 U - a scroll of holy word {unknown}
Potions
 n - 5 potions of curing
 s - 2 potions of brilliance
 x - a potion of magic
 z - a potion of cancellation
 C - a potion of berserk rage
 N - a potion of might
 V - a potion of haste
Books
 H - a book of Misfortune

   Spells                             Type                      Level
   a - Confusing Touch                Hexes                        1
   b - Confuse                        Hexes                        3
   c - Gell's Gravitas                Hexes/Translocation          3
   d - Petrify                        Transmutation/Earth          4
   e - Metabolic Englaciation         Hexes/Ice                    5
   f - Yara's Violent Unravelling     Hexes/Transmutation          5
 J - a book of Minor Magic

   Spells                             Type                      Level
   a - Magic Dart                     Conjuration                  1
   b - Blink                          Translocation                2
   c - Call Imp                       Summoning                    2
   d - Repel Missiles                 Charms/Air                   2
   e - Slow                           Hexes                        2
   f - Conjure Flame                  Conjuration/Fire             3
   g - Mephitic Cloud                 Conjuration/Poison/Air       3
Miscellaneous
 Y - a lamp of fire
Comestibles
 g - 10 fruits
 i - 9 slices of pizza
 m - 7 meat rations
 K - 4 bread rations
 O - a royal jelly
 Q - 3 beef jerkies


   Skills:
 + Level 7.2 Fighting
 - Level 10.8 Short Blades
 - Level 1.7 Throwing
 + Level 4.8 Dodging
 + Level 10.0 Stealth
 * Level 9.8 Invocations


You had 11 spell levels left.
You didn't know any spells.

Dungeon Overview and Level Annotations

Branches:
Dungeon (11/15)            Temple (1/1) D:5            Lair (0/6) D:9
    Orc (0/2) D:10

Altars:
Ashenzari
Cheibriados
Elyvilon
Fedhas
Gozag
Hepliaklqana
Kikubaaqudgha
Makhleb
Nemelex Xobeh
Okawaru
Ru
Sif Muna
Trog
Uskayaw
Vehumet
Xom
Yredelemnul
Zin
The Shining One


Innate Abilities, Weirdness & Mutations

You have razor-sharp teeth.
You heal very quickly.
When hurt, damage is shared between your health and your magic reserves.
Your bite disrupts and absorbs the magic of your enemies.
Potions and wands cannot restore your health.
You are immune to rotting.
You are surrounded by a mild repulsion field. (EV +2)
Scrolls take you a little longer to read.
You are clumsy. (Dex -2)
Your body sometimes deteriorates upon taking damage.
You are dopey. (Int -2)
Your spells are a little harder to cast, but a little more powerful.


Message History

The eight-headed hydra completely misses you.
The eight-headed hydra bites you but does no damage.
The eight-headed hydra misses you.
You hit the eight-headed hydra.
The eight-headed hydra is lightly wounded.
The eight-headed hydra bites you! x3
* * * LOW HITPOINT WARNING * * *
The eight-headed hydra closely misses you.
The eight-headed hydra bites you!
* * * LOW HITPOINT WARNING * * *
The eight-headed hydra bites you.
* * * LOW HITPOINT WARNING * * *
The eight-headed hydra bites you!
* * * LOW HITPOINT WARNING * * *
The eight-headed hydra bites you.
* * * LOW HITPOINT WARNING * * *
Really read with blurry vision while enemies are nearby?
You begin reading the scroll.
You continue reading the scroll.
The eight-headed hydra bites you!
You die...

#.# #... #.# ###. #.#
#. ######.## ##'
#.......# ##..
#.####..# ##... #
#.#....)# ##....
#.###.#.....###...).
#.D@......(...'.....
#.####.......###.....
#.......# ##....
#.......# ##...
###...### ##.. ##.##
#.. #.# #.. # # ..


You could see an eight-headed hydra.

Vanquished Creatures
  Erolcha (D:9)
  Pikel (D:7)
  2 hill giants
  A deep elf mage (D:10)
  The ghost of hurricos the Slicer, a novice VSGl of Uskayaw (D:5)
  3 centaur skeletons
  A troll (D:9)
  A blink frog (D:9)
  2 hippogriffs
  Sigmund (D:3)
  10 yaks
  A human (D:7)
  4 hogs (D:7)
  Grum (D:9)
  A hungry ghost (D:8)
  Edmund (D:6)
  A water moccasin (D:6)
  2 ice beasts
  6 orc warriors
  A sky beast (D:11)
  2 phantoms
  2 slaves (D:7)
  An eye of draining (D:9)
  2 black bears (D:9)
  7 ogres
  5 wolves (D:9)
  4 centaurs
  A crocodile (D:11)
  11 big kobolds
  6 bullfrogs
  3 scorpions
  9 wights (D:9)
  3 killer bees (D:9)
  3 electric eels (D:9)
  5 crimson imps
  2 centaur zombies
  A bullfrog zombie (D:8)
  A jelly (D:6)
  11 hounds
  8 orc priests
  2 bullfrog skeletons
  2 gnoll shamans (D:7)
  12 orc wizards
  Crazy Yiuf (D:3)
  3 iguanas
  Ijyb (D:2)
  2 worker ants
  2 worker ant zombies
  12 gnolls
  26 adders
  A river rat (Sewer)
  7 shadow imps
  5 oozes
  3 worms (Sewer)
  5 leopard geckos
  63 orcs
  8 ball pythons (Sewer)
  8 giant cockroaches
  8 goblins
  18 hobgoblins
  6 jackals
  61 kobolds
  A quokka (D:9)
  6 bats
  A frilled lizard (D:1)
  11 rats
404 creatures vanquished.

Vanquished Creatures (others)
  A gnoll (D:7)
1 creature vanquished.

Grand Total: 405 creatures vanquished

Notes
Turn   | Place    | Note
-------+----------+-------------------------------------------
     0 | D:1      | hurricos the Vine Stalker Gladiator began the quest for the Orb.
     0 | D:1      | Reached XP level 1. HP: 11/11 MP: 2/2
   142 | D:1      | Reached XP level 2. HP: 14/15 MP: 3/3
   686 | D:2      | Reached XP level 3. HP: 18/18 MP: 4/4
   764 | D:2      | Found an opulent altar of Gozag.
   912 | D:2      | Found a glowing silver altar of Zin.
  1005 | D:2      | Gained mutation: Your natural rate of healing is unusually fast. [Vine Stalker growth]
  1005 | D:2      | Reached XP level 4. HP: 17/23 MP: 5/5
  1013 | D:2      | Found an ancient bone altar of Kikubaaqudgha.
  1117 | D:2      | Found a radiant altar of Vehumet.
  1466 | D:2      | Reached skill level 5 in Short Blades
  1483 | D:2      | Reached XP level 5. HP: 24/26 MP: 6/6
  1623 | D:3      | Noticed Ijyb
  1625 | D:3      | Noticed Sigmund
  1626 | D:3      | Found a sparkling altar of Nemelex Xobeh.
  1693 | D:2      | Killed Ijyb
  1693 | D:2      | Reached XP level 6. HP: 23/30 MP: 4/7
  1732 | D:3      | Killed Sigmund
  1908 | D:3      | Reached XP level 7. HP: 34/34 MP: 8/8
  1976 | D:3      | Found a runed door.
  2201 | D:3      | Noticed Crazy Yiuf
  2206 | D:3      | Killed Crazy Yiuf
  2407 | D:4      | Found a basalt altar of Yredelemnul.
  2752 | D:4      | Found a burning altar of Makhleb.
  2946 | D:4      | Reached skill level 1 in Stealth
  3137 | D:5      | Entered Level 5 of the Dungeon
  3150 | D:5      | Noticed hurricos's ghost (novice VSGl)
  3166 | D:5      | Found a glowing drain.
  3239 | D:5      | Killed hurricos's ghost
  3239 | D:5      | Gained mutation: You have razor-sharp teeth. [Vine Stalker growth]
  3239 | D:5      | Reached XP level 8. HP: 30/40 MP: 6/9
  3302 | Sewer    | Entered a sewer
  3878 | D:5      | Reached XP level 9. HP: 45/45 MP: 10/10
  3892 | D:5      | Found a staircase to the Ecumenical Temple.
  3900 | D:5      | Found a shattered altar of Ashenzari.
  3916 | Temple   | Entered the Ecumenical Temple
  4058 | Temple   | Became a worshipper of Uskayaw the Reveler
  4138 | D:5      | Reached * piety under Uskayaw
  4158 | D:5      | Reached ** piety under Uskayaw
  4237 | D:5      | Got an ancient cloak
  4251 | D:5      | Identified the +1 cloak "Doshi" {Str+2} (You found it on level 5 of the Dungeon)
  4264 | D:5      | Reached skill level 1 in Invocations
  4266 | D:5      | Reached *** piety under Uskayaw
  4273 | D:5      | Reached **** piety under Uskayaw
  4437 | D:5      | Reached skill level 5 in Stealth
  4512 | D:5      | Reached ***** piety under Uskayaw
  5238 | D:6      | Noticed Edmund
  5261 | D:6      | Killed Edmund
  5298 | D:6      | Reached skill level 10 in Short Blades
  5497 | D:6      | Found a bloodstained altar of Trog.
  5563 | D:6      | Reached XP level 10. HP: 51/51 MP: 14/14
  5710 | D:6      | Reached skill level 5 in Fighting
  5716 | D:6      | Found a blossoming altar of Fedhas.
  5886 | D:7      | Reached skill level 5 in Invocations
  5936 | D:7      | Noticed Pikel
  5967 | D:7      | Killed Pikel
  6628 | D:7      | Gained mutation: Your spells are a little harder to cast, but a little more powerful. [potion of mutation]
  6628 | D:7      | Gained mutation: You are surrounded by a mild repulsion field. (EV +2) [potion of mutation]
  7872 | D:9      | Reached XP level 11. HP: 56/56 MP: 17/17
  8129 | D:9      | Found a bloodstained altar of Trog.
  8175 | D:9      | Found a burning altar of Makhleb.
  8200 | D:9      | Found a staircase to the Lair.
  8221 | D:9      | Noticed Psyche
  8231 | D:9      | Noticed Psyche
  8231 | D:9      | Psyche changed into Psyche the blink frog
  8483 | D:9      | Noticed Grum
  8515 | D:9      | Killed Grum
  8647 | D:9      | Noticed Erolcha
  8680 | D:9      | Killed Erolcha
  8788 | D:9      | Killed Psyche the blink frog
  8988 | D:10     | Entered Level 10 of the Dungeon
  9094 | D:10     | Noticed a hill giant
  9096 | D:10     | Killed a hill giant
  9613 | D:10     | Found a staircase to the Orcish Mines.
  9670 | D:10     | Found a snail-covered altar of Cheibriados.
  9670 | D:10     | Noticed a deep elf mage
  9674 | D:10     | Killed a deep elf mage
  9719 | D:11     | Noticed a hill giant
  9729 | D:11     | Killed a hill giant
  9741 | D:11     | Gained mutation: You heal very quickly. [Vine Stalker growth]
  9741 | D:11     | Reached XP level 12. HP: 48/63 MP: 20/20
  9839 | D:11     | Gained mutation: You are dopey. (Int -2) [mutagenic meat]
  9842 | D:11     | Gained mutation: Your body sometimes deteriorates upon taking damage. [mutagenic meat]
  9845 | D:11     | Gained mutation: You are clumsy. (Dex -2) [mutagenic meat]
  9848 | D:11     | Gained mutation: Your magical capacity is low. (-10% MP) [mutagenic meat]
  9851 | D:11     | Lost mutation: Your magical capacity is low. (-10% MP) [mutagenic meat]
  9854 | D:11     | Gained mutation: Scrolls take you a little longer to read. [mutagenic meat]
  9907 | D:11     | Reached skill level 10 in Stealth
  9936 | D:11     | Noticed an eight-headed hydra
  9939 | D:11     | HP: 2/63 [eight-headed hydra (5)]
  9941 | D:11     | Mangled by an eight-headed hydra

Vault maps used:
D:1:      lightli_arrival_statue_moat, grunt_decor_fettered,
          serial_bayou_lagoon_b
D:2:      marbit_many_paths, lemuel_doored_altar, lemuel_coloured_pillars_altar,
          lemuel_crystal_altar, first_bread, st_stairs_12
D:3:      overflow_temple_1_default, uniq_sigmund, uniq_crazy_yiuf_cottage,
          uniq_iyjb
D:4:      yredelemnul_altar_generic, lightli_temple_of_fire, kennysheep_potato
D:5:      minmay_goblin_kobold_castle, cheibrodos_ashenzari_chains,
          gup_sewer_entry_glass, grunt_tough_drop
D:6:      fedhas_altar_fruit_tree, trog_three_pillars_becter, uniq_edmund
D:7:      kennysheep_housing_project, grunt_livestock, uniq_pikel
D:9:      trog_ov_bears_minmay, erik_lair_island, basic_altar, uniq_psyche,
          uniq_grum, uniq_erolcha
D:10:     hiddenorc1_lemuel, minivault_23, david_defended_altar_elf
D:11:     basic_altar, item_on_display_a
Temple:   minmay_temple_curvy_loop
Sewer:    sewer_co_tree

Skill      XL: |  1  2  3  4  5  6  7  8  9 10 11 12 |
---------------+-------------------------------------+-----
Short Blades   | 3 4 5 6 8 9 10 | 10.8
Fighting       | 3 4 6 7 |  7.2
Stealth        | 3 4 6 8 9 10 | 10.0
Invocations    | 4 7 9 |  9.8
Dodging        | 4 |  4.8
Throwing       | |  1.7

Action                   |  1- 3 |  4- 6 |  7- 9 | 10-12 || total
-------------------------+-------+-------+-------+-------++-------
Melee: Rapier            |    82 |   155 |   361 |       ||   598
       Bite              |    19 |    52 |   161 |   356 ||   588
       Unarmed           |       |       |    27 |       ||    27
       Dagger            |       |       |   154 |   826 ||   980
Throw: Throwing net      |       |       |     5 |     1 ||     6
Invok: Line Pass         |       |       |       |     2 ||     2
       Stomp             |       |       |       |     2 ||     2
Evoke: Wand              |       |       |       |     5 ||     5
  Use: Scroll            |       |       |    11 |     7 ||    18
       Potion            |       |       |     2 |     9 ||    11
 Stab: Sleeping          |     1 |       |     7 |    27 ||    35
       Held in net/web   |       |       |     4 |     1 ||     5
       Paralysed         |       |       |     9 |    45 ||    54
  Eat: Bread ration      |       |     1 |     1 |       ||     2
       Chunk             |       |       |     2 |    18 ||    20
       Beef jerky        |       |       |     3 |       ||     3
       Meat ration       |       |       |     1 |       ||     1
       Pizza             |       |       |     1 |       ||     1
       Fruit             |       |       |       |     3 ||     3
Armor: Leather armour    |     8 |     4 |   126 |   152 ||   290
       Ring mail         |    24 |    42 |       |       ||    66
       Skin              |       |       |    18 |       ||    18
Dodge: Dodged            |    50 |   119 |   282 |   377 ||   828
